 Dungeon Crawl Stone Soup version 0.30.1-11-g7821555f0a (webtiles) character file.

Game seed: 13534335500319822480

13781 Cheops the Nimble (level 12, -8/72 HPs)
             Began as an Octopode Transmuter on Dec 6, 2023.
             Was a Follower of Wu Jian.
             Mangled by a yak (16 damage)
             ... on level 1 of the Lair of Beasts.
             The game lasted 01:34:45 (17393 turns).

Cheops the Nimble (Octopode Transmuter)            Turns: 17393, Time: 01:34:46

Health: -8/72      AC:  1    Str: 10    XL:     12   Next: 9%
Magic:  21/21      EV: 18    Int: 18    God:    Wu Jian [*.....]
Gold:   128        SH:  0    Dex: 14    Spells: 4/23 levels left

rFire   . .          .
                       - Unarmed
rCold   + . .        (no shield)
rNeg    . . .        (helmet restricted)
rPois   .            J - amulet of the acrobat
rElec   .            B - ring of protection from cold
rCorr   .            j - ring of flight
SInv    .            (no ring)
Will    .....        (no ring)
Stlth   ++++         (no ring)
HPRegen 0.32/turn    (no ring)
MPRegen 0.17/turn    (no ring)
                     (no ring)

%: acrobat
@: flying, unable to read
A: almost no armour, amphibious, 8 rings, camouflage 1, gelatinous body 1,
(nimble swimmer 1), tentacles, inability to read after injury 1
a: Renounce Religion


You were on level 1 of the Lair of Beasts.
You worshipped Wu Jian.
Wu Jian was aware of your devotion.
You visited 3 branches of the dungeon, and saw 12 of its levels.
You also visited: Sewer.

You collected 618 gold pieces.
You spent 490 gold pieces at shops.

Inventory:

Hand Weapons
 p - a +1 dagger of draining
 q - a +3 short sword
 z - the +3 war axe "Captufy" {holy, Int+3}
   (You found it on level 5 of the Dungeon)

   Int:       It affects your intelligence (+3).
Missiles
 H - 2 throwing nets
Jewellery
 e - a ring of fire
 j - a ring of flight (right tentacle)
 r - a ring of fire
 B - a ring of protection from cold (left tentacle)
 G - a ring of fire
 J - an amulet of the acrobat (around mantle)
Wands
 m - a wand of charming (2)
 F - a wand of flame (25)
 I - a wand of quicksilver (9)
 K - a wand of digging (5)
Scrolls
 b - 3 scrolls of enchant armour
 c - a scroll of blinking
 i - 3 scrolls of magic mapping
 l - 3 scrolls of fog
 o - 4 scrolls of amnesia
 s - a scroll of poison
 u - 4 scrolls of teleportation
 v - 3 scrolls of silence
 w - a scroll of enchant weapon
 y - a scroll of immolation
 A - a scroll of summoning
Potions
 a - 3 potions of lignification
 d - 3 potions of invisibility {unknown}
 f - 3 potions of cancellation {unknown}
 g - 3 potions of brilliance {unknown}
 h - 7 potions of heal wounds
 k - a potion of ambrosia {unknown}
 n - 4 potions of attraction {unknown}
 t - a potion of might {unknown}
 x - 2 potions of haste {unknown}
 C - a potion of flight {unknown}
 D - a potion of resistance
 E - 3 potions of curing {unknown}


   Skills:
 - Level 3.0 Fighting
 - Level 11.3 Dodging
 - Level 5.0 Stealth
 - Level 8.0 Unarmed Combat
 + Level 6.2 Spellcasting
 - Level 8.0 Transmutations
 - Level 5.0 Ice Magic
 - Level 8.0 Poison Magic


You had 4 spell levels left.
You knew the following spells:

 Your Spells              Type           Power      Damage    Failure   Level
a - Beastly Appendage     Tmut           68%        N/A       1%          1
b - Blade Hands           Tmut           17%        N/A       12%         5
i - Ice Form              Ice/Tmut       28%        N/A       9%          4
o - Olgreb's Toxic Radia  Pois           34%        N/A       4%          4
s - Spider Form           Tmut/Pois      34%        N/A       1%          3
w - Wereblood             Tmut           34%        N/A       1%          2

Your spell library contained the following spells:

 Spells                   Type           Power      Damage    Failure   Level
 Shock                    Conj/Air       20%        1d4       12%         1
 Petrify                  Tmut/Erth      19%        N/A       22%         4
 Inner Flame              Hex/Fire       5%         N/A       34%         3
 Portal Projectile        Hex/Tloc       10%        N/A       34%         3
 Swiftness                Air            5%         N/A       34%         3
 Tukima's Dance           Hex            5%         N/A       34%         3
 Airstrike                Air            2%         2d(1-17)  75%         4
 Alistair's Intoxication  Tmut/Pois      22%        N/A       12%         5
 Yara's Violent Unravell  Hex/Tmut       9%         3d6       54%         5
 Eringya's Noxious Bog    Tmut/Pois      17%        N/A       56%         6
 Metabolic Englaciation   Hex/Ice        7%         N/A       75%         5
 Borgnjor's Vile Clutch   Necr/Erth      2%         N/A       97%         5
 Statue Form              Tmut/Erth      12%        N/A       98%         6
 Enfeeble                 Hex            2%         N/A       100%        7
 Discord                  Hex            2%         N/A       100%        8
 Ignition                 Fire           2%         3d3       100%        8


Dungeon Overview and Level Annotations

Branches:
Dungeon (9/15)             Temple (1/1) D:4            Lair (2/5) D:8
  Sewer (visited)
  Swamp: Lair:2-3    Shoals: Lair:2-3     Snake: Lair:2-3    Spider: Lair:2-3
    Orc: D:9-12

Altars:
Ashenzari
Cheibriados
Dithmenos
Elyvilon
Fedhas
Gozag
Hepliaklqana
Kikubaaqudgha
Makhleb
Nemelex Xobeh
Okawaru
Qazlal
Ru
Sif Muna
Trog
Uskayaw
Vehumet
Wu Jian
Xom
Yredelemnul
Zin

Shops:
D:5 *   D:6 *   D:8 (


Innate Abilities, Weirdness & Mutations

You cannot wear most types of armour.
You are amphibious.
You can wear up to eight rings at the same time.
Your skin changes colour to match your surroundings (Stealth+).
Your rubbery body absorbs attacks. (AC +1, EV +1)
((You are camouflaged when in or above water. (Stealth+)))
You have tentacles for arms and can constrict up to eight enemies at once.
You occasionally lose the ability to read scrolls when taking damage.


Message History

You bludgeon the yak! You squeeze the yak, but do no damage.
The yak is heavily wounded.
The yak barely misses you.
You tentacle-slap the yak but do no damage.
Your tentacle-slap misses the yak.
The yak is heavily wounded.
The yak misses you.
You tentacle-slap the yak but do no damage.
You squeeze the yak.
The yak is severely wounded.
The yak gores you!
* * * LOW HITPOINT WARNING * * *
You barely miss the yak.
The yak is severely wounded.
You tentacle-slap the yak. You squeeze the yak.
The yak is severely wounded.
The yak completely misses you.
You tentacle-slap the yak but do no damage.
You squeeze the yak, but do no damage.
The yak is severely wounded.
The yak gores you!
You feel threatened and lose the ability to read scrolls!
* * * LOW HITPOINT WARNING * * *
You tentacle-slap the yak but do no damage.
Your squeeze misses the yak.
The yak is severely wounded.
The yak closely misses you.
You barely miss the yak.
The yak is severely wounded.
The yak gores you.
* * * LOW HITPOINT WARNING * * *
You tentacle-slap the yak.
The yak is almost dead.
The yak completely misses you.
You tentacle-slap the yak but do no damage.
The yak is almost dead.
You can read scrolls again.
The yak gores you!
You feel threatened and lose the ability to read scrolls!
You die...

#..................
##.................
#...............#+
#.#+#+###.......#.
##.................
#..#......#........
##.#......P........
#.#.............#.
#@#......#......#.
#Y#......#......#.
##.+......#......##
#..######.#........
##...÷†.†.÷........
##.###.###.##P####
### ### ###### #


You could see a yak.

Vanquished Creatures
  A two-headed ogre (D:9)
  3 death yaks (D:8)
  Pikel (D:7)
  A black mamba (Lair:1)
  4 cane toads
  An unseen horror (D:9)
  3 kobold demonologists (D:9)
  A komodo dragon (Lair:1)
  2 trolls (D:9)
  A merfolk (Lair:2)
  A wraith (D:9)
  2 wyverns
  A vampire (D:9)
  A basilisk (Lair:2)
  16 yaks
  Grum (Lair:1)
  A steam dragon (D:9)
  Menkaure (D:6)
  5 water moccasins
  2 orc warriors
  A sky beast (D:6)
  2 ice beasts
  2 ogres
  2 centaurs (D:9)
  5 wolves
  3 phantoms
  4 kobold brigands
  A lemure (D:7)
  8 bullfrogs
  A gnoll sergeant (D:7)
  2 scorpions
  5 wights (D:8)
  3 killer bees (D:9)
  A howler monkey (D:3)
  A hound (D:6)
  A jelly (D:7)
  5 orc priests
  4 iguanas
  6 orc wizards
  14 gnolls
  3 river rats (Sewer)
  13 adders
  A shadow imp (D:6)
  An ufetubus (D:6)
  A worm (D:2)
  3 dart slugs
  20 orcs
  6 ball pythons
  6 bats
  8 endoplasms
  6 giant cockroaches
  6 hobgoblins
  5 jackals
  19 kobolds
  7 quokkas
  7 frilled lizards
  10 goblins
  23 rats
  A spectral kobold (D:3)
266 creatures vanquished.

Vanquished Creatures (others)
  A steam dragon (D:8)
1 creature vanquished.

Grand Total: 267 creatures vanquished

Notes
Turn   | Place    | Note
-------+----------+-------------------------------------------
     0 | D:1      | Cheops the Octopode Transmuter began the quest for the Orb.
     0 | D:1      | Reached XP level 1. HP: 13/13 MP: 3/3
   243 | D:1      | Reached XP level 2. HP: 16/18 MP: 3/5
   680 | D:1      | Reached XP level 3. HP: 19/23 MP: 4/6
  1065 | D:1      | Learned a level 3 spell: Spider Form
  1186 | D:2      | Reached skill level 1 in Poison Magic
  1567 | D:2      | Reached XP level 4. HP: 21/28 MP: 4/7
  1945 | D:2      | Found a faded altar of an unknown god.
  1994 | D:2      | Found a shimmering altar of Xom.
  2163 | D:2      | Reached XP level 5. HP: 14/33 MP: 5/8
  2306 | D:2      | Learned a level 4 spell: Ice Form
  2409 | D:3      | Found an iron altar of Okawaru.
  2410 | D:3      | Found a transporter.
  2410 | D:3      | Found an ornate altar of the Wu Jian Council.
  2410 | D:3      | Noticed a phantom
  2411 | D:3      | Found a blossoming altar of Fedhas.
  2414 | D:3      | Noticed an ogre
  2433 | D:3      | Found a transporter.
  2526 | D:3      | Found a basalt altar of Yredelemnul.
  2554 | D:3      | Found a glowing drain.
  2566 | Sewer    | Entered a sewer
  2606 | Sewer    | Reached skill level 1 in Ice Magic
  3134 | Sewer    | Noticed a kobold brigand
  3278 | Sewer    | Killed a kobold brigand
  3279 | Sewer    | Reached XP level 6. HP: 13/38 MP: 6/9
  4055 | D:3      | Found a hazy altar of Hepliaklqana.
  4198 | D:3      | Found a sparkling altar of Nemelex Xobeh.
  4647 | D:4      | Reached XP level 7. HP: 36/43 MP: 6/10
  4796 | D:4      | Learned a level 2 spell: Wereblood
  4933 | D:4      | Found a staircase to the Ecumenical Temple.
  5034 | D:4      | Found a shadowy altar of Dithmenos.
  5203 | Temple   | Entered the Ecumenical Temple
  5357 | D:5      | Entered Level 5 of the Dungeon
  5415 | D:5      | Found a white marble altar of Elyvilon.
  5736 | D:5      | Reached skill level 3 in Dodging
  5817 | D:5      | Identified the +3 war axe "Captufy" {holy, Int+3}
  5844 | D:5      | Found Vudoan's General Store.
  5853 | D:5      | Bought a potion of heal wounds for 50 gold pieces
  5853 | D:5      | Bought a potion of berserk rage for 50 gold pieces
  6254 | D:6      | Reached skill level 4 in Dodging
  6510 | D:6      | Reached XP level 8. HP: 43/48 MP: 8/12
  6894 | D:6      | Reached skill level 5 in Transmutations
  6896 | D:6      | Reached skill level 5 in Ice Magic
  6989 | D:6      | Found a sacrificial altar of Ru.
  7270 | D:6      | Noticed Menkaure
  7279 | D:6      | Killed Menkaure
  7280 | D:6      | Reached skill level 5 in Unarmed Combat
  7445 | D:6      | Found Yweoth's Neck Hole.
  7562 | D:6      | Found a stormy altar of Qazlal.
  8640 | D:7      | Reached XP level 9. HP: 56/56 MP: 1/14
  8796 | D:7      | Learned a level 4 spell: Olgreb's Toxic Radiance
  9343 | D:7      | Noticed Pikel
  9371 | D:7      | Killed Pikel
  9372 | D:7      | Reached skill level 5 in Spellcasting
  9606 | D:7      | Found an ancient bone altar of Kikubaaqudgha.
  9714 | D:8      | Noticed a death yak
  9714 | D:8      | Found a staircase to the Lair.
 10439 | D:8      | Reached skill level 5 in Poison Magic
 10600 | D:8      | Noticed a death yak
 10601 | D:8      | Noticed a death yak
 11118 | D:8      | Reached XP level 10. HP: 55/63 MP: 10/17
 11281 | D:8      | Learned a level 5 spell: Blade Hands
 11338 | D:8      | Killed a death yak
 11767 | D:8      | Found Moeghionk's Antique Weapon Shoppe.
 12218 | D:8      | Found a staircase to the Lair.
 12783 | D:9      | Noticed a kobold demonologist
 12788 | D:9      | Noticed a kobold demonologist
 12790 | D:9      | Killed a kobold demonologist
 12791 | D:9      | Reached skill level 5 in Dodging
 12792 | D:9      | Noticed a two-headed ogre
 12907 | D:9      | Killed a kobold demonologist
 12912 | D:9      | HP: 1/75 [two-headed ogre/+0 giant club (13)]
 12913 | D:9      | Killed a two-headed ogre
 12914 | D:9      | Reached skill level 7 in Dodging
 13148 | D:9      | Reached XP level 11. HP: 67/67 MP: 13/18
 13309 | D:9      | Reached skill level 8 in Dodging
 13674 | D:9      | Noticed a +0 spear
 13679 | D:9      | Found a hide-covered altar of Uskayaw.
 13679 | D:9      | Noticed a +0 falchion
 13679 | D:9      | Noticed a +0 falchion
 13679 | D:9      | Noticed a +0 spear
 13680 | D:9      | Noticed a +0 dagger
 13681 | D:9      | Noticed a +0 short sword
 13682 | D:9      | Noticed a +0 dagger
 13682 | D:9      | Noticed a +0 short sword
 14263 | D:3      | Became a worshipper of the Wu Jian Council
 14562 | D:8      | Killed a death yak
 14563 | D:8      | Reached skill level 9 in Dodging
 14717 | D:8      | Found Moeghionk's Antique Weapon Shoppe.
 14872 | D:8      | Killed a death yak
 15331 | D:6      | Bought an amulet of the acrobat for 390 gold pieces
 15378 | Lair:1   | Entered Level 1 of the Lair of Beasts
 15450 | Lair:1   | Reached skill level 10 in Dodging
 15873 | Lair:1   | Reached skill level 11 in Dodging
 15918 | Lair:1   | Gained mutation: You occasionally lose the ability to read
                  | scrolls when taking damage. [mutagenic glow]
 16038 | Lair:1   | Noticed Grum
 16047 | Lair:1   | Killed Grum
 16337 | Lair:1   | Reached skill level 1 in Stealth
 17089 | Lair:2   | Reached skill level 5 in Stealth
 17180 | Lair:2   | Reached * piety under Wu Jian
 17243 | Lair:2   | Reached XP level 12. HP: 66/72 MP: 14/19
 17393 | Lair:1   | Mangled by a yak

Illustrated notes

Levels and vault maps discovered:
D:1:      dpeg_arrival_simpleton_a, layout_loops_corners
D:2:      layout_rooms, shapermc_ecumenical_altar_mp_ritualfount, basic_altar,
          minmay_misc_feat_alley
D:3:      layout_rooms, nicolae_hepliaklqana_monster_ancestors,
          overflow_temple_1_default, nemelex_dance_club_becter,
          gammafunk_temple_overflow_arena, portal_sewer_entry_d
D:4:      layout_rooms, lemuel_coloured_pillars_altar, temple_green,
          minmay_strange_pillars, minmay_rat_hole
D:5:      layout_basic, nicolae_overflow_crystal_walls, serial_shops, shop
D:6:      layout_loops_ring, mainiacjoe_overflow_small_starburst,
          hangedman_ru_absence, dreamdust_wishing_well,
          nicolae_shop_sticking_my_neck_out, uniq_menkaure
D:7:      layout_gridville, mainiacjoe_overflow_concentric_impassable,
          uniq_pikel
D:8:      layout_layer_cave, dpeg_lair_monsters, serial_shops, shop
D:9:      layout_cave_pools, nicolae_uskayaw_en_pointe
Temple:   nicolae_temple_figure_zero
Lair:1:   layout_regular_city, grunt_megastairs_5, uniq_grum
Lair:2:   nzn_winding_woodlands_cross [nzn_winding_woodlands_5x15_twine,
          nzn_winding_woodlands_5x15_garden,
          nzn_winding_woodlands_5x15_concentric,
          nzn_winding_woodlands_5x15_pathside_ponds,
          nzn_winding_woodlands_15x15_thick_spiral], layout_small_grid,
          elwin_shoals_entry_stream

Skill      XL: |  1  2  3  4  5  6  7  8  9 10 11 12 |
---------------+-------------------------------------+-----
Unarmed Combat | 4 6 8 |  8.0
Poison Magic   | 2 4 5 8 |  8.0
Ice Magic      | 3 4 5 |  5.0
Transmutations | 3 4 5 8 |  8.0
Spellcasting   | 3 5 6 |  6.2
Dodging        | 4 7 11 | 11.3
Fighting       | 3 |  3.0
Stealth        | 5 |  5.0

Action                     |  1- 3 |  4- 6 |  7- 9 | 10-12 || total
---------------------------+-------+-------+-------+-------++-------
  Melee: Unarmed           |    65 |   209 |   270 |   216 ||   760
         Constrict         |    17 |    14 |     6 |    28 ||    65
         Kick              |    16 |     5 |     1 |       ||    22
         Tentacles         |    12 |    17 |     6 |    52 ||    87
         Punch             |     2 |     1 |     2 |    14 ||    19
   Cast: Beastly Appendage |    24 |     3 |     1 |     1 ||    29
         Spider Form       |     2 |    31 |    21 |     3 ||    57
         Ice Form          |       |       |    21 |     6 ||    27
         Wereblood         |       |       |     3 |     1 ||     4
         Olgreb's Toxic Ra |       |       |     7 |    13 ||    20
         Blade Hands       |       |       |       |    29 ||    29
Ability: End Transformatio |       |       |     1 |     9 ||    10
         Whirlwind         |       |       |       |     8 ||     8
         Lunge             |       |       |       |     4 ||     4
  Evoke: Wand              |       |       |     8 |       ||     8
    Use: Scroll            |       |     6 |     9 |     2 ||    17
         Potion            |       |       |     3 |     1 ||     4
   Stab: Sleeping          |     4 |     3 |     2 |     2 ||    11
 Armour: Skin              |     3 |     9 |    45 |    10 ||    67
  Dodge: Dodged            |    29 |   145 |   151 |   168 ||   493
